 Dungeon Crawl Stone Soup version 0.31-a0-145-g046c7d2549 (webtiles) character file.

Game seed: 12454866683634197912

73 qw the Shooter (level 4, 0/38 HPs)
             Began as a Minotaur Hunter on June 7, 2023.
             Killed from afar by an orc wizard (9 damage)
             ... with a puff of flame
             ... on level 3 of the Dungeon.
             The game lasted 00:00:34 (1403 turns).

qw the Shooter (Minotaur Hunter)                    Turns: 1403, Time: 00:00:35

Health: 0/38       AC:  3    Str: 16    XL:     4   Next: 8%
Magic:  3/3        EV: 12    Int:  6    God:
Gold:   128        SH:  0    Dex: 15    Spells: 3/3 levels left

rFire   . . .        Y - +0 shortbow
rCold   . . .        (shield currently unavailable)
rNeg    . . .        c - +0 leather armour
rPois   .            (helmet restricted)
rElec   .            (no cloak)
rCorr   .            (no gloves)
SInv    +            (no boots)
Will    .....        (no amulet)
Stlth   +            g - ring of see invisible
HPRegen 0.26/turn    (no ring)
MPRegen 0.08/turn

%: no passive effects
@: about to teleport
A: horns 2, retaliatory headbutt
a: no special abilities


You were on level 3 of the Dungeon.
You visited 1 branch of the dungeon, and saw 3 of its levels.

You collected 128 gold pieces.


Innate Abilities, Weirdness & Mutations

You have a pair of horns on your head.
You reflexively headbutt those who attack you in melee.


   Skills:
 + Level 3.0 Fighting
 - Level 6.0 Ranged Weapons
 - Level 2.1 Dodging
 - Level 0.7 Stealth


You had 3 spell levels left.
You didn't know any spells.
Your spell library was empty.

Inventory:

Hand Weapons
 Y - a +0 shortbow (weapon)
Armour
 c - a +0 leather armour (worn)
Jewellery
 g - a ring of see invisible (left hand)
Scrolls
 e - a scroll of identify
 f - a scroll of teleportation
Potions
 a - a potion of resistance
 b - a potion of mutation {unknown}
 d - 2 potions of might
 i - a potion of haste {unknown}

Dungeon Overview and Level Annotations

Branches:
Dungeon (3/15)

Altars:


Message History

1396 ||| (to cure confusion)
The orc wizard hits you but does no damage.
The frilled lizard hisses.
You shoot an arrow. The arrow barely misses the orc wizard.
The orc wizard gestures at you while chanting.
The magic dart hits you. The orc completely misses you.
You shoot an arrow. The arrow hits the orc wizard.
The orc wizard is severely wounded.
The orc wizard casts a spell at you. The puff of flame hits you!
The orc wizard casts a spell.
The orc wizard flickers and vanishes for a moment.
You shoot an arrow.
The arrow closely misses the orc wizard.
The orc wizard hits you but does no damage.
The orc hits you with a +0 mace.
The orc wizard hits you with a +0 dagger.
The orc hits you but does no damage. The orc wizard barely misses you.
You shoot an arrow.
The arrow closely misses the orc wizard.
The orc hits you with a +0 mace.
The orc wizard hits you with a +0 dagger.
The orc wizard hits you but does no damage.
You shoot an arrow. The arrow hits the orc wizard.
The orc wizard is almost dead.
The orc barely misses you. You furiously retaliate!
You headbutt the orc!
You kill the orc!
The orc wizard misses you. You furiously retaliate!
You headbutt the orc wizard!
The orc wizard hits you with a +0 dagger.
You shoot an arrow.
The arrow closely misses the orc wizard.
The orc wizard hits you with a +0 dagger.
The orc wizard misses you. The frilled lizard closely misses you.
1403 ||| READING 2 scrolls of teleportation.
As you read the scroll of teleportation, it crumbles to dust.
You feel strangely unstable. The frilled lizard misses you.
The orc wizard points at you and mumbles some strange words.
The puff of flame hits you!
You die...

...# #. #... ##.
...# #.. #..)#
###.. ##...# #...#
##..)# ##).## #...#
#####..... ##oo.#
#....#..## #.@l##
#.?....### #...#
#.........
#...######....#####
##.........####
###########


You could see 2 orc wizards and a frilled lizard.

Vanquished Creatures
  A gnoll (D:1)
  An adder (D:2)
  A dart slug (D:1)
  3 orcs (D:3)
  3 ball pythons (D:1)
  5 endoplasms (D:1)
  A giant cockroach (D:1)
  3 goblins
  5 hobgoblins
  5 jackals
  2 quokkas
  3 bats
  2 frilled lizards
  6 kobolds
  5 rats
46 creatures vanquished.

Notes
Turn   | Place    | Note
-------+----------+-------------------------------------------
     0 | D:1      | qw the Minotaur Hunter began the quest for the Orb.
     0 | D:1      | Reached XP level 1. HP: 18/18 MP: 0/0
     0 | D:1      | 0 ||| qw: Version: 0.2-a-117-gc6b5c8b
     0 | D:1      | 0 ||| qw: Game counter: 2525
     0 | D:1      | 0 ||| qw: Always use a shield: true
     0 | D:1      | 0 ||| qw: God list: Okawaru
     0 | D:1      | 0 ||| qw: Allow faded altars: false
     0 | D:1      | 0 ||| qw: Do Orc after D:15 true
     0 | D:1      | 0 ||| qw: Do second Lair branch before Depths: true
     0 | D:1      | 0 ||| qw: Lair rune preference: random
     0 | D:1      | 0 ||| qw: Plans: Normal
     0 | D:1      | 0 ||| PLANNING D:1-11
    96 | D:1      | Reached XP level 2. HP: 25/25 MP: 1/1
   104 | D:1      | Reached skill level 5 in Ranged Weapons
   203 | D:1      | HP: 4/25 [gnoll/+0 spear (6)]
   204 | D:1      | 204 ||| READING scroll labelled ECUMPU TUEMI.
   440 | D:1      | Reached skill level 3 in Fighting
   665 | D:1      | Reached XP level 3. HP: 30/31 MP: 2/2
   936 | D:1      | 936 ||| UPGRADING to ring of see invisible.
   937 | D:1      | 937 ||| READING scroll labelled DOEN CADETEMIA.
   938 | D:1      | 938 ||| READING 2 scrolls labelled WITRENNUASI.
   941 | D:1      | 941 ||| DRINKING 2 golden potions.
   942 | D:1      | 942 ||| DROPPING scroll of butterflies.
  1195 | D:2      | Found a faded altar of an unknown god.
  1336 | D:2      | 1336 ||| READING 3 scrolls labelled ZUM BOFAREE.
  1337 | D:2      | 1337 ||| READING scroll labelled PAORHO KIFYARR.
  1338 | D:2      | 1338 ||| READING scroll labelled ILOICKAPRI.
  1339 | D:2      | 1339 ||| DRINKING 3 metallic pink potions.
  1340 | D:2      | 1340 ||| READING 2 scrolls of identify.
  1340 | D:2      | 1340 ||| IDENTIFYING murky golden potion
  1387 | D:3      | Reached XP level 4. HP: 38/38 MP: 3/3
  1389 | D:3      | 1389 ||| FLEEEEING.
  1391 | D:3      | Reached skill level 6 in Ranged Weapons
  1393 | D:3      | 1393 ||| DRINKING 2 potions of curing.
  1393 | D:3      | 1393 ||| (to cure confusion)
  1396 | D:3      | 1396 ||| DRINKING potion of curing.
  1396 | D:3      | 1396 ||| (to cure confusion)
  1402 | D:3      | HP: 9/38 [orc wizard/+0 dagger (3)]
  1403 | D:3      | 1403 ||| READING 2 scrolls of teleportation.
  1403 | D:3      | Killed from afar by an orc wizard

Levels and vault maps discovered:
D:1:      wheals_arrival_shading, layout_loops_cross
D:2:      layout_rooms, shapermc_ecumenical_altar_mp_ritualfount,
          minmay_box_of_dots
D:3:      minmay_diamond_boxcup, layout_rooms, mainiacjoe_overflow_brackets,
          serial_curves, eino_curves_02, eino_curves_04, uniq_sigmund

Skill      XL: |  1  2  3  4 |
---------------+-------------+-----
Ranged Weapons | 5 6 |  6.0
Fighting       | 3 |  3.0
Dodging        | |  2.1
Stealth        | |  0.7

Action                     |  1- 3 |  4- 6 || total
---------------------------+-------+-------++-------
   Fire: Shortbow          |   115 |    13 ||   128
    Use: Scroll            |     7 |     1 ||     8
         Potion            |     2 |     2 ||     4
 Armour: Leather armour    |    10 |     4 ||    14
  Dodge: Dodged            |    30 |     7 ||    37

Table legend:
 A = Non-vault XP
 B = Vault XP
 C = Vault XP percentage of total XP
 D = Non-vault monster count
 E = Vault monster count
 F = Vault count percentage of total count
                 A         B        C        D         E       F
            +---------+---------+-------+---------+---------+-------
      Total |      99 |       6 |   5.7 |      42 |       4 |   8.7
            +---------+---------+-------+---------+---------+-------
        D:1 |      56 |       0 |   0.0 |      25 |       0 |   0.0
        D:2 |      32 |       6 |  15.8 |      12 |       4 |  25.0
        D:3 |      11 |       0 |   0.0 |       5 |       0 |   0.0
            +---------+---------+-------+---------+---------+-------
